 Dungeon Crawl Stone Soup version 0.30-a0-920-g7493c07aab (webtiles) character file.

Game seed: 13560853330095720943

2567 HoaS the Skirmisher (level 9, -3/61 HPs)
             Began as a Formicid Hunter on Mar 21, 2023.
             Was a Believer of Zin.
             Slain by a manticore (5 damage)
             ... on level 11 of the Dungeon.
             The game lasted 00:12:00 (5058 turns).

HoaS the Skirmisher (Formicid Hunter)               Turns: 5058, Time: 00:12:00

Health: -3/61      AC:  5    Str: 17    XL:     9   Next: 87%
Magic:  12/12      EV: 22    Int:  8    God:    Zin [**....]
Gold:   323        SH:  0    Dex: 21    Spells: 8/8 levels left

rFire   . . .      SeeInvis +    t - +0 shortbow
rCold   . . .      Faith    .    (no shield)
rNeg    . . .      Spirit   .    c - +1 leather armour
rPois   .          Reflect  .    (helmet unavailable)
rElec   .          Rampage  .    j - +0 cloak of the Unseen Realm {Slay+3}
rCorr   .                        (no gloves)
Will    .....                    (no boots)
Stlth   ++                       (no amulet)
HPRegen 0.30/turn                m - +5 ring of evasion
MPRegen 0.13/turn                o - +5 ring of evasion

@: no status effects
A: permanent stasis, dig shafts and tunnels, antennae 3, four strong arms
a: Dig, Shaft Self, Renounce Religion, Recite, Vitalisation, Donate Gold


You were on level 11 of the Dungeon.
You worshipped Zin.
Zin was pleased with you.
You visited 2 branches of the dungeon, and saw 10 of its levels.

You collected 358 gold pieces.
You donated 35 gold pieces to Zin.

Inventory:

Hand Weapons
 t - a +0 shortbow (weapon)
Armour
 c - a +1 leather armour (worn)
 j - the +0 cloak of the Unseen Realm (worn) {Slay+3}
   (You acquired it on level 6 of the Dungeon)

   Slay:      It affects your accuracy & damage with ranged weapons and melee
   (+3).
Jewellery
 k - a ring of flight
 m - a +5 ring of evasion (left hand)
 o - a +5 ring of evasion (right hand)
 q - the ring "Giulug" {rElec MP+9 Stlth+}
   (You found it on level 6 of the Dungeon)

   [ring of magical power]

   rElec:     It insulates you from electricity.
   MP:        It affects your magic capacity (+9).
   Stlth:     It makes you more stealthy.
Wands
 a - a wand of charming (10)
Scrolls
 b - a scroll of immolation
 h - a scroll of fear
 i - a scroll of enchant armour
Potions
 d - a potion of ambrosia
 e - a potion of cancellation
 f - 6 potions of curing
 g - a potion of mutation
 l - a potion of invisibility
 n - a potion of attraction {unknown}
 p - a potion of flight {unknown}
 r - 2 potions of brilliance {unknown}
 s - a potion of heal wounds {unknown}


   Skills:
 - Level 2.1 Fighting
 * Level 12.5 Ranged Weapons
 - Level 1.7 Dodging
 - Level 1.2 Stealth
 - Level 5.0 Invocations


You had 8 spell levels left.
You didn't know any spells.
Your spell library contained the following spells:

 Spells                   Type           Power      Damage    Failure   Level
 Frozen Ramparts          Ice            0%         1d1       85%         3
 Inner Flame              Hex/Fire       0%         N/A       85%         3
 Tukima's Dance           Hex            0%         N/A       85%         3
 Flame Wave               Conj/Fire      0%         2d4       99%         4
 Ice Form                 Ice/Tmut       0%         N/A       99%         4
 Passage of Golubria      Tloc           0%         N/A       99%         4
 Sticky Flame             Conj/Fire      0%         2d3       99%         4
 Summon Ice Beast         Ice/Summ       0%         N/A       99%         4
 Yara's Violent Unravell  Hex/Tmut       0%         3d3       100%        5


Dungeon Overview and Level Annotations

Branches:
Dungeon (8/15)             Temple (1/1) D:6            Lair (0/5) D:8

Altars:
Ashenzari
Cheibriados
Dithmenos
Elyvilon
Gozag
Hepliaklqana
Kikubaaqudgha
Makhleb
Nemelex Xobeh
Okawaru
Qazlal
Ru
Sif Muna
Uskayaw
Vehumet
Wu Jian
Yredelemnul
Zin
The Shining One

Annotations:
D:11 Nergalle


Innate Abilities, Weirdness & Mutations

You cannot be hasted, slowed, berserked, paralysed or teleported.
You can dig through walls and to a lower floor.
You have a pair of large antennae on your head. (SInv)
Your four strong arms can wield two-handed weapons with a shield.


Message History

The manticore closely misses you. The manticore claws you.
You shoot an arrow.
The arrow hits the wraith but does no damage.
The wraith is heavily damaged.
The wraith misses you.
The manticore misses you. x2; The manticore claws you.
You shoot an arrow. The arrow barely misses the wraith.
The wraith barely misses you. The manticore completely misses you.
The manticore claws you! The manticore claws you.
You shoot an arrow. The arrow hits the wraith.
The wraith is severely damaged.
The manticore completely misses you. The manticore barely misses you.
The manticore completely misses you. The wraith closely misses you.
You shoot an arrow.
The arrow hits the wraith but does no damage.
The wraith is severely damaged.
The manticore closely misses you. The manticore claws you.
The manticore claws you!
* * * LOW HITPOINT WARNING * * *
The wraith misses you.
You shoot an arrow. The arrow hits the wraith!
The wraith is almost destroyed.
You carefully extract the barbed spikes from your body.
The manticore misses you. The manticore barely misses you.
The manticore completely misses you. The wraith hits you.
* * * LOW HITPOINT WARNING * * *
You shoot an arrow. The arrow closely misses the wraith.
The manticore misses you. The manticore closely misses you.
The manticore claws you but does no damage.
The wraith completely misses you.
You shoot an arrow. The arrow barely misses the wraith.
You shoot an arrow. The arrow hits the wraith!
You destroy the wraith!
The manticore completely misses you. The manticore claws you!
* * * LOW HITPOINT WARNING * * *
The manticore closely misses you.
Okay, then.
You shoot an arrow. The arrow hits the manticore!
The manticore is moderately wounded.
The manticore bites you.
You die...

######.######
#.# # #.# .##
###.# .. #..!#
.. ##'#######
###. #........#
#.. #........#
#H#
#........#####@#
#........##....#
#....^...'..####
#........####
##########


You could see a manticore.

Vanquished Creatures
  A shadow (D:11)
  A wraith (D:11)
  2 steam dragons
  A water moccasin (D:3)
  3 orc warriors
  2 ice beasts
  An ogre (D:4)
  2 phantoms
  A centaur (D:7)
  A kobold brigand (D:8)
  A bullfrog (D:7)
  3 scorpions
  4 wights
  6 hounds
  An orc priest (D:6)
  4 iguanas
  2 orc wizards (D:4)
  8 adders
  2 gnolls (D:7)
  2 white imps (D:6)
  A worm (D:4)
  2 dart slugs
  23 orcs
  9 ball pythons
  4 bats
  10 endoplasms
  4 giant cockroaches
  8 goblins
  10 hobgoblins
  5 jackals
  2 quokkas
  4 frilled lizards
  12 kobolds
  7 rats
149 creatures vanquished.

Vanquished Creatures (others)
  A jackal (D:4)
  4 fungi (D:8)
  4 plants (D:8)
9 creatures vanquished.

Grand Total: 158 creatures vanquished

Notes
Turn   | Place    | Note
-------+----------+-------------------------------------------
     0 | D:1      | HoaS the Formicid Hunter began the quest for the Orb.
     0 | D:1      | Reached XP level 1. HP: 16/16 MP: 1/1
   104 | D:1      | Reached XP level 2. HP: 22/22 MP: 2/2
   292 | D:1      | Found a faded altar of an unknown god.
   326 | D:1      | Reached XP level 3. HP: 27/27 MP: 3/3
   812 | D:2      | Reached skill level 5 in Ranged Weapons
  1033 | D:2      | Reached XP level 4. HP: 33/33 MP: 4/4
  1598 | D:2      | Reached XP level 5. HP: 38/38 MP: 5/5
  1601 | D:3      | Reached skill level 6 in Ranged Weapons
  1802 | D:3      | Reached XP level 6. HP: 44/44 MP: 6/6
  1909 | D:3      | Reached skill level 7 in Ranged Weapons
  1970 | D:3      | Noticed a water moccasin
  1972 | D:3      | Killed a water moccasin
  2121 | D:4      | Noticed a steam dragon
  2156 | D:3      | Killed a steam dragon
  2157 | D:3      | Reached skill level 8 in Ranged Weapons
  2157 | D:3      | Reached XP level 7. HP: 37/50 MP: 7/7
  2466 | D:4      | Reached skill level 9 in Ranged Weapons
  2730 | D:4      | Reached XP level 8. HP: 56/56 MP: 8/8
  2842 | D:5      | Entered Level 5 of the Dungeon
  3409 | D:6      | Reached skill level 10 in Ranged Weapons
  3601 | D:6      | Found a staircase to the Ecumenical Temple.
  3612 | Temple   | Entered the Ecumenical Temple
  3649 | Temple   | Became a worshipper of Zin the Law-Giver
  3649 | Temple   | Reached * piety under Zin
  3674 | D:6      | Reached skill level 1 in Invocations
  3702 | D:6      | Reached skill level 11 in Ranged Weapons
  3702 | D:6      | Reached XP level 9. HP: 61/61 MP: 10/10
  3973 | D:6      | Reached ** piety under Zin
  4181 | D:6      | Identified a scroll of acquirement
  4181 | D:6      | Acquired the +0 cloak of the Unseen Realm {Slay+3}
  4212 | D:6      | Identified the ring "Giulug" {rElec MP+9 Stlth+}
  4580 | D:7      | You fall into a shaft and drop 1 floor!
  4813 | D:8      | Reached skill level 12 in Ranged Weapons
  4993 | D:8      | Found a staircase to the Lair.
  4993 | D:8      | You fall into a shaft and drop 3 floors!
  5009 | D:11     | Reached skill level 5 in Invocations
  5019 | D:11     | Noticed Nergalle
  5045 | D:11     | Noticed a manticore
  5057 | D:11     | HP: 1/61 [manticore (7)]
  5058 | D:11     | Slain by a manticore

Illustrated notes

Levels and vault maps discovered:
D:1:      sevenhm_arrival_forest_fort_small_3, layout_loops_ring,
          hellmonk_ecumenical_altar_run_dry
D:2:      layout_loops_corners, minmay_cut_off
D:3:      layout_rooms, minmay_fractal_squares_5
D:4:      layout_loops_ring
D:5:      layout_loops_ring
D:6:      layout_loops_ring, minmay_temple_entry_waves
D:7:      layout_gridville
D:8:      layout_basic, dpeg_oklobed_lair, enter_bailey_5
D:11:     layout_roguey, uniq_nergalle, uniq_josephine
Temple:   hellmonk_temple_of_storms

Skill      XL: |  1  2  3  4  5  6  7  8  9 |
---------------+----------------------------+-----
Ranged Weapons | 5 6 8 9 11 12 | 12.5
Invocations    | 1 5 |  5.0
Fighting       | |  2.1
Dodging        | |  1.7
Stealth        | |  1.2

Action                     |  1- 3 |  4- 6 |  7- 9 || total
---------------------------+-------+-------+-------++-------
   Fire: Shortbow          |    71 |   146 |   266 ||   483
Ability: Dig               |       |       |     3 ||     3
         Shaft Self        |       |       |     1 ||     1
    Use: Scroll            |     7 |       |    14 ||    21
 Armour: Leather armour    |     7 |    14 |    12 ||    33
  Dodge: Dodged            |    14 |    66 |   148 ||   228

Table legend: (Time is in decaauts)
 A = Elapsed time spent in this place.
 B = Non-inter-level travel time spent in this place.
 C = Inter-level travel time spent in this place.
 D = Time resting spent in this place.
 E = Time spent auto-exploring this place.
 F = Levels seen in this place.
 G = Mean time per level.
                   A        B        C        D        E       F      G
               +--------+--------+--------+--------+--------+-----+--------+
         Total |   5110 |   4964 |    146 |    694 |   3207 |  10 |  511.0 |
       Dungeon |   5061 |   4926 |    135 |    694 |   3189 |   9 |  562.3 |
        Temple |     48 |     37 |     11 |      0 |     18 |   1 |   48.0 |
               +--------+--------+--------+--------+--------+-----+--------+

Top non-repeatable levels by time:
     D:2: 891 daAuts
     D:6: 797 daAuts
     D:1: 727 daAuts
     D:4: 724 daAuts
     D:5: 695 daAuts
     D:3: 555 daAuts
     D:8: 410 daAuts
     D:7: 196 daAuts
    D:11: 62 daAuts
  Temple: 48 daAuts
